 Dungeon Crawl Stone Soup version 0.26.1-11-gd32895ea62 (webtiles) character file.

Game seed: 10004138403521147502

7935 phalm the Destroyer (level 11, 84/84 HPs)
             Began as a Demonspawn Conjurer on June 23, 2021.
             Was an Initiate of Gozag.
             Quit the game on level 11 of the Dungeon.
             The game lasted 00:25:29 (13703 turns).

phalm the Destroyer (Demonspawn Conjurer)          Turns: 13703, Time: 00:25:29

Health: 84/84      AC: 11    Str:  7    XL:     11   Next: 3%
Magic:  30/30      EV: 12    Int: 31    God:    Gozag
Gold:   1502       SH:  0    Dex: 15    Spells: 4/24 levels left

rFire    + + .     SeeInvis .   P - staff of fire (curse)
rCold    . . .     Faith    .   (no shield)
rNeg     . . .     Spirit   .   L - +1 robe of Dawn {rElec rPois Str-4 Int+4}
rPois    +         Reflect  .   (no helmet)
rElec    +         Harm     .   N - +0 cloak of Privacy {Int+4}
rCorr    +         Rampage  .   (no gloves)
Will     .....                  O - +2 pair of boots
Stlth    ++........             A - amulet of the acrobat
HPRegen  0.24/turn              e - ring "Mahecumn" {rCorr Str+4 Dex+3}
MPRegen  0.22/turn              W - ring of magical power

@: no status effects
A: talons 1, molten scales 3, powered by death 2, spiny 1
a: Renounce Religion, Potion Petition, Call Merchant, Bribe Branch


You were on level 11 of the Dungeon.
You worshipped Gozag.
Gozag was most pleased with you.
You visited 2 branches of the dungeon, and saw 12 of its levels.

You collected 1650 gold pieces.
You spent 70 gold pieces at shops.
You paid 78 gold pieces to Gozag.


Innate Abilities, Weirdness & Mutations

You have sharp toenails.
You are completely covered in molten scales. (AC +4, rF+)
You regenerate health from kills.
You are partially covered in sharp spines.


   Skills:
 + Level 7.3 Fighting
 - Level 1.7 Dodging
 - Level 1.7 Stealth
 + Level 7.1 Spellcasting
 + Level 8.8 Conjurations
 - Level 7.0 Hexes
 - Level 7.0 Translocations
 * Level 2.9 Fire Magic


You had 4 spell levels left.
You knew the following spells:

 Your Spells              Type           Power        Failure   Level
b - Fireball              Conj/Fire      32%          11%         5
f - Fulminant Prism       Conj/Hex       28%          1%          4
m - Magic Dart            Conj           100%         1%          1
s - Searing Ray           Conj           100%         1%          2
y - Sticky Flame          Conj/Fire      64%          3%          4
X - Iskenderun's Mystic   Conj/Tloc      57%          1%          4

Your spell library contained the following spells:

 Spells                   Type           Power        Failure   Level
 Foxfire                  Conj/Fire      100%         1%          1
 Conjure Flame            Conj/Fire      64%          1%          3
 Dazzling Flash           Conj/Hex       100%         1%          3
 Inner Flame              Hex/Fire       58%          1%          3
 Animate Skeleton         Necr           22%          4%          1
 Pain                     Necr           44%          4%          1
 Vampiric Draining        Necr           5%           13%         3
 Animate Dead             Necr           5%           41%         4
 Agony                    Necr           11%          77%         5

Inventory:

Hand Weapons
 a - a +0 spear of venom
   (You took it off a gnoll on level 3 of the Dungeon)
 b - a +2 vorpal hunting sling
   (You took it off a goblin on level 2 of the Dungeon)
Missiles
 c - 446 stones
 f - 12 boomerangs
 m - 193 arrows
 w - 60 poisoned darts (quivered)
 B - 56 sling bullets
 F - 52 bolts
Armour
 L - the +1 robe of Dawn (worn) {rElec rPois Str-4 Int+4}
   (You found it on level 6 of the Dungeon)

   It affects your strength (-4).
   It affects your intelligence (+4).
   It insulates you from electricity.
   It protects you from poison.
 N - the +0 cloak of Privacy (worn) {Int+4}
   (You found it on level 8 of the Dungeon)

   It affects your intelligence (+4).
 O - a +2 pair of boots (worn)
   (You found it on level 8 of the Dungeon)
Magical Staves
 P - a cursed staff of fire (weapon)
   (You found it on level 9 of the Dungeon)
Jewellery
 e - the ring "Mahecumn" (left hand) {rCorr Str+4 Dex+3}
   (You found it on level 4 of the Dungeon)

   [ring of resist corrosion]

   It affects your strength (+4).
   It affects your dexterity (+3).
   It provides partial protection from all sources of acid and corrosion.
 A - an amulet of the acrobat (around neck)
   (You found it on level 9 of the Dungeon)
 C - an uncursed ring of protection from cold
   (You found it on level 5 of the Dungeon)
 D - a +6 ring of dexterity
   (You found it on level 5 of the Dungeon)
 G - an uncursed amulet of guardian spirit
   (You found it on level 10 of the Dungeon)
 Q - an uncursed ring of stealth
   (You found it on level 1 of the Dungeon)
 S - an uncursed amulet of magic regeneration
   (You took it off an orc on level 9 of the Dungeon)
 T - a cursed -4 ring of dexterity
   (You found it on level 10 of the Dungeon)
 W - a ring of magical power (right hand)
   (You found it on level 7 of the Dungeon)
Wands
 t - a wand of iceblast (14)
   (You found it on level 9 of the Dungeon)
 u - a wand of random effects (8)
   (You took it off a gnoll on level 3 of the Dungeon)
 y - a wand of digging (4)
   (You found it on level 4 of the Dungeon)
 E - a wand of polymorph (13)
   (You found it on level 5 of the Dungeon)
Scrolls
 d - 7 scrolls of teleportation {@r4}
 i - 3 scrolls of magic mapping {!r}
 j - 3 scrolls of amnesia
 l - 2 scrolls of random uselessness {unknown}
 n - 2 scrolls of noise {unknown}
 o - a scroll of enchant weapon {unknown}
 p - 3 scrolls of remove curse {@r2}
 q - 7 scrolls of blinking {unknown}
 v - a scroll of fog {unknown}
 x - 3 scrolls of immolation {unknown}
 I - 2 scrolls of enchant armour {unknown}
 J - a scroll of vulnerability {unknown}
Potions
 g - 9 potions of curing {@q1}
 h - a potion of flight
 k - 3 potions of attraction {!q}
 r - a potion of cancellation
 s - a potion of lignification {!q}
 z - a potion of might
 H - a potion of haste {@q3}
 K - 2 potions of heal wounds {@q2}
 M - a potion of resistance
 R - a potion of invisibility {unknown}

Dungeon Overview and Level Annotations

Branches:
Dungeon (11/15)            Temple (1/1) D:4
   Lair: D:8-11         Orc: D:9-12

Altars:
Ashenzari
Cheibriados
Elyvilon
Fedhas
Gozag
Kikubaaqudgha
Makhleb
Nemelex Xobeh
Ru
Sif Muna
Wu Jian
Xom
Zin
The Shining One

Shops:
D:10 *   D:11 *

Annotations:
D:3 3 runed translucent doors, MyelinatedAxon's ghost, amateur DDGl
D:10 Erica; Gastronok

# #. ####8##
^....!>######+####
..8<∩.8.#.........
........#.........
....8..@#..>......
..................
.......##.........
....... ##'#######
....... #.#####
....... #.<...#
####### #####...#
.#


There were no monsters in sight!


Message History

(Press . to maintain the ray.) 😎 MP[-2]
You lost 2 mp, and now have 27/29 mp.
The searing ray misses the hound. 😎 MP[-1]
You lost 1 mp, and now have 26/29 mp.
The hound barely misses you. 😎 MP[-1]
You lost 1 mp, and now have 25/29 mp.
The searing ray hits the hound!
You kill the hound!
You finish channeling your searing ray.
You now have 1489 gold pieces (gained 4).
Found a stone staircase leading down. 😎 MP[+4]
Your mp is fully restored (29).
You see here a +0 club.
You see here a +0 club.
Partly explored, can't reach some places.
(D) Dungeon (T) Temple
Where to? (Enter - D:9 @ (x,y), ? - help)
Things that are here:
a +0 dagger; a +0 robe You see here a +0 club.
You see here a dagger.
There is a stone staircase leading up here.
You climb upwards.
There is a stone staircase leading down here.
(D) Dungeon (T) Temple
Where to? (Enter - D:9, ? - help)
You climb downwards.
Level annotation: Erica; Gastronok
There is a stone staircase leading up here.
(D) Dungeon (T) Temple
Where to? (Enter - D:10, ? - help)
There is a stone staircase leading down here.
You climb downwards.
There is a stone staircase leading up here.
You open the door.
Found a stone staircase leading down.
Unknown command.
Found Tupsud's General Store.
Found an escape hatch in the ceiling.
There is an open door here.
(D) Dungeon (T) Temple
Where to? (Enter - D:11, ? - help)
Okay, then.
Erolcha the Cunning comes into view.
She is wielding a +0 giant club.
Press: ? - help, v - describe, . - travel
Here: Erolcha, wielding a +0 giant club and wearing a +0 robe (asleep)
The floor.
Found a stone staircase leading down.
Casting: Searing Ray (safe; 1% risk of failure)
Confirm with . or Enter, or press ? or * to list all spells.
Aiming: Searing Ray (safe; 1% risk of failure)
Press: ? - help, Shift-Dir - straight line, f - Erolcha
Aim: Erolcha, wielding a +0 giant club and wearing a +0 robe (asleep, 0% to evade)
The searing ray hits Erolcha! (Press . to maintain the ray.) 😎 MP[-2]
You lost 2 mp, and now have 27/29 mp.
The searing ray hits Erolcha! 😎 MP[-1]
You lost 1 mp, and now have 26/29 mp.
The searing ray hits Erolcha! 😎 MP[-1]
You lost 1 mp, and now have 25/29 mp.
The searing ray hits Erolcha.
You finish channeling your searing ray.
Erolcha gestures at you while chanting. You resist with some effort.
Casting: Searing Ray (safe; 1% risk of failure)
Confirm with . or Enter, or press ? or * to list all spells.
You erupt in a blast of force!
The mystic blast hits Erolcha!
Erolcha is knocked back by the mystic blast. 😎 MP[-4]
You lost 4 mp, and now have 21/29 mp.
Casting: Iskenderun's Mystic Blast (dangerous; 1% risk of failure)
Confirm with . or Enter, or press ? or * to list all spells.
Aiming: Searing Ray (safe; 1% risk of failure)
Press: ? - help, Shift-Dir - straight line, f/p - Erolcha
Aim: Erolcha, wielding a +0 giant club and wearing a +0 robe (almost dead, 10% to evade)
The searing ray hits Erolcha! (Press . to maintain the ray.) 😎 MP[-2]
You lost 2 mp, and now have 19/29 mp.
The searing ray hits Erolcha!
You kill Erolcha!
You have reached level 11!
Your demonic ancestry asserts itself...
Sharp spines emerge from parts of your body. 😎 HP[+5] MP[-1]
You now have 84 max hp (+5).
Your hp is fully restored (84).
You now have 1502 gold pieces (gained 13).
Things that are here:
a +0 giant club; a +0 robe 😎 MP[+12]
Your mp is fully restored (30).
Unknown command.
Are you sure you want to abandon this character and quit the game? (Confirm with "yes".)
Okay, then.
Are you sure you want to abandon this character and quit the game? (Confirm with "yes".)

Skill      XL: |  1  2  3  4  5  6  7  8  9 10 |
---------------+-------------------------------+-----
Fighting       | 1 2 3 5 6 7 |  7.3
Conjurations   | 5 6 7 8 |  8.8
Translocations | 1 2 3 4 6 7 |  7.0
Spellcasting   | 3 4 5 6 7 |  7.1
Hexes          | 4 7 |  7.0
Fire Magic     | 2 |  2.9
Dodging        | |  1.7
Stealth        | |  1.7

Action                   |  1- 3 |  4- 6 |  7- 9 | 10-12 || total
-------------------------+-------+-------+-------+-------++-------
Melee: Spear             |    10 |    12 |    13 |       ||    35
       Unarmed           |     4 |       |       |       ||     4
       Kick              |       |       |     4 |       ||     4
       Staff             |       |       |       |     7 ||     7
 Fire: Hunting sling     |    14 |    26 |     2 |       ||    42
Throw: Boomerang         |     1 |       |       |       ||     1
       Dart              |       |       |     2 |       ||     2
 Cast: Magic Dart        |    77 |    80 |   163 |   144 ||   464
       Searing Ray       |       |    18 |    53 |    31 ||   102
       Iskenderun's Myst |       |       |     5 |     5 ||    10
       Fulminant Prism   |       |       |     1 |     1 ||     2
  Use: Scroll            |       |     8 |     3 |     5 ||    16
Armor: Robe              |     7 |    10 |    15 |    20 ||    52
Dodge: Dodged            |    22 |    20 |    37 |    44 ||   123

Levels and vault maps discovered:
D:1:      shiori_shiawase, layout_basic
D:2:      layout_rooms, hex_large, chequers_serial_rivers_room_a, dk_vineyard_2,
          chequers_serial_rivers_large_b
D:3:      layout_basic, zin_angel, ebering_ghost_rock_garden,
          small_statue_intersection, kennysheep_generic_room_8
D:4:      layout_rooms, minmay_temple_entry_butterflies
D:5:      cheibrodos_barr_body, layout_loops_ring,
          amcnicky_mini_rare_corridor_liquid, bloody_makhleb
D:6:      minmay_skewed_foursquare, layout_basic
D:7:      cheibrodos_iron_armory, layout_basic
D:8:      gammafunk_cloud_chamber, layout_loops_cross, serial_bayou,
          serial_bayou_pond_b, serial_bayou_shore_b, serial_bayou_crossing,
          serial_bayou_pond_d, serial_bayou_ford_a, serial_bayou_pond_c,
          uniq_joseph
D:9:      layout_basic, worms_lemuel
D:10:     layout_rooms, serial_shops, shop, lemuel_statue_altar, uniq_erica,
          uniq_gastronok
D:11:     layout_roguey, erik_lair_orcish_takeover, david_orc_5, serial_shops,
          nicolae_shop_statue_plus, serial_rivers, chequers_serial_rivers_marsh,
          chequers_serial_rivers_small_3, chequers_serial_rivers_micro_c,
          chequers_serial_rivers_room_b, uniq_erolcha
Temple:   nicolae_temple_the_god_donut

Notes
Turn   | Place    | Note
-------+----------+-------------------------------------------
     0 | D:1      | phalm the Demonspawn Conjurer began the quest for the Orb.
     0 | D:1      | Reached XP level 1. HP: 13/13 MP: 3/3
     0 | D:1      | magus.rc [v1.9.10]
   472 | D:1      | Gained mutation: You are partially covered in molten
                  | scales. (AC +2) [demonic ancestry]
   472 | D:1      | Reached XP level 2. HP: 20/20 MP: 3/5
   614 | D:1      | Learned a level 2 spell: Searing Ray
   975 | D:1      | Reached skill level 1 in Fighting
  1257 | D:2      | Gained mutation: You regenerate a little health from kills.
                  | [demonic ancestry]
  1257 | D:2      | Reached XP level 3. HP: 23/26 MP: 3/6
  1784 | D:2      | Gained mutation: You are mostly covered in molten scales.
                  | (AC +3) [demonic ancestry]
  1784 | D:2      | Reached XP level 4. HP: 32/32 MP: 5/7
  2162 | D:2      | Reached skill level 5 in Conjurations
  2418 | D:3      | Learned a level 4 spell: Iskenderun's Mystic Blast
  2563 | D:3      | Reached skill level 2 in Fighting
  2591 | D:3      | HP: 8/33 [gnoll/+0 whip (3)]
  2597 | D:3      | Reached skill level 1 in Translocations
  2597 | D:3      | Gained mutation: You regenerate health from kills. [demonic
                  | ancestry]
  2597 | D:3      | Reached XP level 5. HP: 10/38 MP: 0/9
  3180 | D:3      | Found a glowing silver altar of Zin.
  3180 | D:3      | Noticed an angel
  3407 | D:3      | Reached skill level 3 in Spellcasting
  3673 | D:3      | Reached skill level 2 in Translocations
  3673 | D:3      | Reached XP level 6. HP: 33/46 MP: 0/10
  3887 | D:3      | You fall into a shaft and drop 2 floors!
  3887 | D:5      | Entered Level 5 of the Dungeon
  3888 | D:5      | Noticed a sky beast
  3889 | D:5      | Found a burning altar of Makhleb.
  3994 | D:4      | Got an ancient marble ring
  3996 | D:4      | Identified the ring "Mahecumn" {rCorr Str+4 Dex+3} (You
                  | found it on level 4 of the Dungeon)
  4351 | D:4      | Found a staircase to the Ecumenical Temple.
  4356 | Temple   | Entered the Ecumenical Temple
  4375 | Temple   | Became a worshipper of Gozag Ym Sagoz the Greedy
  4493 | D:3      | Found a runed translucent gate.
  4493 | D:3      | Found a runed translucent gate.
  4493 | D:3      | Found a runed translucent gate.
  4521 | D:3      | Noticed MyelinatedAxon's ghost (amateur DDGl)
  5242 | D:5      | Reached skill level 3 in Fighting
  5242 | D:5      | Reached skill level 3 in Translocations
  5413 | D:5      | Gained mutation: You have sharp toenails. [demonic
                  | ancestry]
  5413 | D:5      | Reached XP level 7. HP: 52/52 MP: 5/12
  5931 | D:5      | Reached skill level 4 in Spellcasting
  5931 | D:5      | Reached skill level 6 in Conjurations
  5931 | D:5      | Reached skill level 4 in Translocations
  6311 | D:5      | Reached XP level 8. HP: 43/60 MP: 6/14
  6314 | D:5      | Reached skill level 4 in Fighting
  6875 | D:5      | Reached skill level 5 in Translocations
  7774 | D:6      | Noticed a troll
  7782 | D:6      | Killed a troll
  7783 | D:6      | Reached skill level 5 in Fighting
  7783 | D:6      | Reached skill level 5 in Spellcasting
  7783 | D:6      | Reached skill level 7 in Conjurations
  7783 | D:6      | Reached skill level 6 in Translocations
  7901 | D:6      | Got a dull robe
  7931 | D:6      | Learned a level 4 spell: Fulminant Prism
  7945 | D:6      | Gained mutation: You are completely covered in molten
                  | scales. (AC +4, rF+) [demonic ancestry]
  7945 | D:6      | Reached XP level 9. HP: 68/68 MP: 9/16
  8428 | D:7      | Reached skill level 1 in Hexes
  8839 | D:7      | Reached skill level 2 in Hexes
  9630 | D:8      | Noticed Joseph
  9641 | D:8      | Killed Joseph
  9642 | D:8      | Reached skill level 3 in Hexes
  9642 | D:8      | Reached skill level 7 in Translocations
  9867 | D:8      | You pick up a book of Necromancy and begin reading...
  9867 | D:8      | You add the spells Pain, Animate Skeleton, Vampiric
                  | Draining, Animate Dead and Agony to your library.
  9967 | D:8      | Reached skill level 4 in Hexes
 10113 | D:8      | Found a transporter.
 10278 | D:8      | Reached skill level 6 in Spellcasting
 10317 | D:8      | Got a masterwork scale mail
 10328 | D:8      | Identified the +1 robe of Dawn {rElec rPois Str-4 Int+4}
                  | (You found it on level 6 of the Dungeon)
 10338 | D:8      | Identified the +1 scale mail "Rubabaho" {-Cast Str+3
                  | Slay+5} (You found it on level 8 of the Dungeon)
 10389 | D:8      | Reached skill level 6 in Fighting
 10689 | D:8      | Found a transporter.
 10893 | D:8      | Reached XP level 10. HP: 53/76 MP: 17/19
 10992 | D:8      | Got an ancient cloak
 11010 | D:8      | Identified the cursed +0 cloak of Privacy {Int+4} (You
                  | found it on level 8 of the Dungeon)
 11355 | D:9      | Noticed a five-headed hydra
 11363 | D:9      | Killed a five-headed hydra
 11364 | D:9      | Reached skill level 8 in Conjurations
 11364 | D:9      | Reached skill level 5 in Hexes
 11709 | D:9      | Noticed a two-headed ogre
 11716 | D:9      | Killed a two-headed ogre
 11717 | D:9      | Reached skill level 6 in Hexes
 11878 | D:9      | You pick up a book of Flames and begin reading...
 11878 | D:9      | You add the spells Foxfire, Conjure Flame, Inner Flame,
                  | Sticky Flame and Fireball to your library.
 11885 | D:9      | Learned a level 5 spell: Fireball
 11912 | D:9      | Learned a level 4 spell: Sticky Flame
 12172 | D:9      | Reached skill level 1 in Fire Magic
 12453 | D:9      | Reached skill level 7 in Fighting
 12624 | D:10     | Entered Level 10 of the Dungeon
 12732 | D:10     | Found a snail-covered altar of Cheibriados.
 12772 | D:10     | Found Luejiqef's General Store.
 12788 | D:10     | Bought a potion of heal wounds for 70 gold pieces
 13012 | D:10     | Noticed Gastronok
 13076 | D:10     | Reached skill level 2 in Fire Magic
 13092 | D:10     | Noticed Erica
 13237 | D:10     | Reached skill level 7 in Hexes
 13334 | D:10     | Reached skill level 7 in Spellcasting
 13637 | D:11     | Found Tupsud's General Store.
 13638 | D:11     | Noticed Erolcha
 13646 | D:11     | Killed Erolcha
 13647 | D:11     | Gained mutation: You are partially covered in sharp spines.
                  | [demonic ancestry]
 13647 | D:11     | Reached XP level 11. HP: 84/84 MP: 18/21
 13703 | D:11     | Quit the game

Vanquished Creatures
  Erolcha (D:11)
  A hydra (D:9)
  A two-headed ogre (D:9)
  Joseph (D:8)
  A troll (D:6)
  A hornet (D:7)
  A wyvern (D:8)
  A wraith (D:10)
  A swamp worm (D:9)
  An acid dragon (D:8)
  A water moccasin (D:7)
  An orc warrior (D:6)
  4 sky beasts
  3 ice beasts
  2 black bears (D:9)
  2 phantoms
  7 ogres
  2 centaurs (D:9)
  4 bullfrogs
  A wyvern zombie (D:9)
  2 scorpions
  10 wights
  5 howler monkeys
  7 electric eels
  2 bullfrog zombies
  2 quasits
  5 jellies
  3 orc priests
  A bullfrog skeleton (D:5)
  6 hounds
  8 orc wizards
  3 iguanas
  4 worker ants
  A hound skeleton (D:4)
  3 worker ant zombies
  A howler monkey zombie (D:8)
  4 gnolls (D:3)
  3 howler monkey skeletons
  13 adders
  A shadow imp (D:7)
  5 white imps
  2 oozes
  2 adder zombies
  An adder skeleton (D:6)
  3 worms
  3 dart slugs
  7 leopard geckos
  34 orcs
  2 ball pythons
  3 bats (D:1)
  5 giant cockroaches
  7 goblins
  6 hobgoblins
  12 jackals
  10 kobolds
  6 quokkas
  3 frilled lizards
  A jackal zombie (D:8)
  2 leopard gecko skeletons
  A quokka skeleton (D:5)
  4 rats
240 creatures vanquished.

Vanquished Creatures (others)
  2 fulminant prisms
  36 plants
38 creatures vanquished.

Grand Total: 278 creatures vanquished

Table legend:
 A = Non-vault XP
 B = Vault XP
 C = Vault XP percentage of total XP
 D = Non-vault monster count
 E = Vault monster count
 F = Vault count percentage of total count
                 A         B        C        D         E       F
            +---------+---------+-------+---------+---------+-------
      Total |    8337 |    3000 |  26.5 |     213 |      27 |  11.2
            +---------+---------+-------+---------+---------+-------
        D:1 |      32 |       0 |   0.0 |      16 |       0 |   0.0
        D:2 |      92 |       0 |   0.0 |      25 |       0 |   0.0
        D:3 |     302 |       1 |   0.3 |      31 |       1 |   3.1
        D:4 |     162 |       0 |   0.0 |       7 |       0 |   0.0
        D:5 |     830 |     380 |  31.4 |      20 |      10 |  33.3
        D:6 |     536 |     520 |  49.2 |      21 |       6 |  22.2
        D:7 |     865 |       0 |   0.0 |      13 |       0 |   0.0
        D:8 |    1095 |     916 |  45.5 |      24 |       8 |  25.0
        D:9 |    3377 |     165 |   4.7 |      33 |       1 |   2.9
       D:10 |    1046 |       0 |   0.0 |      23 |       0 |   0.0
       D:11 |       0 |    1018 | 100.0 |       0 |       1 | 100.0
            +---------+---------+-------+---------+---------+-------

Illustrated notes

Table legend:
 A = Kills in this place as a percentage of kills in entire the game.
 B = Kills by you in this place as a percentage of kills by you in the entire game.
 C = Kills by friends in this place as a percentage of kills by friends in the entire game.
 D = Other kills in this place as a percentage of other kills in the entire game.
 E = Experience gained in this place as a percentage of experience gained in the entire game.
 F = Experience gained in this place divided by the number of levels of this place that you have seen.
                   A       B       C       D       E      F
               +-------+-------+-------+-------+-------+----------------------
         Total | 100.0 | 100.0 |   N/A |   N/A | 100.0 | 944.8
       Dungeon | 100.0 | 100.0 |   N/A |   N/A | 100.0 | 1030.6
               +-------+-------+-------+-------+-------+----------------------

Table legend: (Time is in decaauts)
 A = Elapsed time spent in this place.
 B = Non-inter-level travel time spent in this place.
 C = Inter-level travel time spent in this place.
 D = Time resting spent in this place.
 E = Time spent auto-exploring this place.
 F = Levels seen in this place.
 G = Mean time per level.
                   A        B        C        D        E       F      G
               +--------+--------+--------+--------+--------+-----+--------+
         Total |  13828 |  13373 |    455 |    216 |  11358 |  12 | 1152.3 |
       Dungeon |  13791 |  13353 |    438 |    216 |  11346 |  11 | 1253.7 |
        Temple |     36 |     19 |     17 |      0 |     12 |   1 |   36.0 |
               +--------+--------+--------+--------+--------+-----+--------+

Top non-repeatable levels by time:
     D:3: 2032 daAuts
     D:5: 1611 daAuts
     D:8: 1610 daAuts
     D:9: 1600 daAuts
     D:6: 1463 daAuts
     D:1: 1244 daAuts
     D:7: 1243 daAuts
     D:2: 1183 daAuts
    D:10: 980 daAuts
     D:4: 752 daAuts
    D:11: 69 daAuts
  Temple: 36 daAuts
